 Dungeon Crawl Stone Soup version 0.29.1-2-gbd0b4ee654 (webtiles) character file.

Game seed: 8601056117266269843

101 funnyparkerb the Slasher (level 4, 0/35 HPs)
             Began as a Mummy Chaos Knight on Nov 20, 2022.
             Was a Plaything of Xom.
             Slain by an orc wizard
             ... wielding a +0 dagger
              (1 damage)
             ... on level 3 of the Dungeon.
             The game lasted 00:05:07 (2235 turns).

funnyparkerb the Slasher (Mummy Chaos Knight)       Turns: 2235, Time: 00:05:08

Health: 0/35       AC:  8    Str: 18    XL:     4   Next: 48%
Magic:  4/4        EV: 11    Int: 11    God:    Xom [...*..]
Gold:   65         SH:  0    Dex: 13    Spells: 3/3 levels left

rFire   x . .      SeeInvis .   a - +0 falchion (chaos)
rCold   + . .      Faith    .   (no shield)
rNeg    + + +      Spirit   .   b - +2 leather armour
rPois   ∞          Reflect  .   (no helmet)
rElec   .          Harm     .   (no cloak)
rCorr   .          Rampage  .   g - +2 pair of gloves {Str+3}
Will    .....                   (no boots)
Stlth   +.........              (no amulet)
HPRegen 0.11/turn               (no ring)
MPRegen 0.09/turn               (no ring)

@: no status effects
A: cold resistance 1, negative energy resistance 3, torment resistance 2, heat
vulnerability 1, in touch with death 1, no potions
a: Renounce Religion


You were on level 3 of the Dungeon.
You worshipped Xom.
You were a favourite toy of Xom.
You visited 1 branch of the dungeon, and saw 3 of its levels.

You collected 65 gold pieces.

Inventory:

Hand Weapons
 a - a +0 falchion of chaos (weapon)
Missiles
 i - 9 poisoned darts
Armour
 b - a +2 leather armour (worn)
 g - a +2 pair of gloves of strength (worn)
Scrolls
 d - 3 scrolls of fog {unknown}
 e - a scroll of blinking
 f - a scroll of amnesia {unknown}
 h - a scroll of magic mapping {unknown}
 j - a scroll of enchant armour {unknown}
 k - a scroll of identify
 l - a scroll of immolation {unknown}
 m - a scroll of silence {unknown}
Miscellaneous
 c - a piece from Xom's chessboard (6/15) (quivered)


   Skills:
 - Level 3.0 Fighting
 * Level 4.4 Long Blades
 - Level 1.5 Armour
 - Level 0.7 Dodging


You had 3 spell levels left.
You didn't know any spells.
Your spell library contained the following spells:

 Spells                   Type           Power      Damage    Failure   Level
 Summon Guardian Golem    Hex/Summ       0%         N/A       77%         3
 Animate Dead             Necr           0%         N/A       99%         4
 Dispel Undead            Necr           0%         3d6       99%         4
 Orb of Destruction       Conj           0%         9d5       100%        7
 Spellforged Servitor     Conj/Summ      0%         N/A       100%        7


Dungeon Overview and Level Annotations

Branches:
Dungeon (3/15)

Altars:

Shops:
D:1 [


Innate Abilities, Weirdness & Mutations

You are immune to poison.
Your flesh is cold resistant. (rC+)
You are immune to negative energy. (rN+++)
You are immune to unholy pain and torment.
You are vulnerable to heat. (rF-)
You are in touch with the powers of death.
You do not drink.


Message History

You barely miss something.
Your butterfly disappears in a puff of smoke!
Something hits you but does no damage.
You closely miss something. Something hits you.
You miss something.
You hear some strange, mumbled words.
Something tries to affect you, but you resist.
You closely miss something. Something hits you but does no damage.
You barely miss something. Something hits you but does no damage.
You closely miss something. Something hits you.
You hear some strange, mumbled words.
A magic dart appears from out of thin air!
The magic dart hits you!
* * * LOW HITPOINT WARNING * * *
You barely miss something. Something hits you but does no damage.
You make a move on Xom's chessboard...
The orc is moving more slowly.
Something hits you.
* * * LOW HITPOINT WARNING * * *
Unknown command.
You make a move on Xom's chessboard...
The orc flickers and vanishes!
Something hits you but does no damage.
You can't drink.
You hit something. You freeze something.
You hear some strange, mumbled words.
A magic dart appears from out of thin air!
The magic dart hits you.
* * * LOW HITPOINT WARNING * * *
You miss something. Something hits you but does no damage.
You miss something.
The orc stops moving altogether!
Something hits you but does no damage.
You miss something. Something hits you.
* * * LOW HITPOINT WARNING * * *
You barely miss something. Something hits you.
* * * LOW HITPOINT WARNING * * *
As you read the scroll labelled KIB DOCE NEHEQ, it crumbles to dust.
It is a scroll of identify.
e - a scroll of blinking Something hits you.
You die... "It's all fun and games until someone loses an eye."

+........ ##...
#........ #...
##....... #...
##.....# #..
##...## #o. ##+##
#{# #.# #{# #.#
#@# ##.## #.#
#####...## #.#
#..<.....#
#.#######.###.....
#...........##..##
#########..#....#
#.#.##.## #.####.#
#....!.#


You could see an orc (petrified).

Vanquished Creatures
  Terence (D:3)
  2 adders
  A dart slug (D:2)
  An orc (D:3)
  3 ball pythons
  5 endoplasms
  3 giant cockroaches
  6 hobgoblins
  4 jackals (D:1)
  6 bats
  10 frilled lizards
  4 goblins
  4 kobolds
  5 rats
55 creatures vanquished.

Vanquished Creatures (others)
  7 plants (D:2)
7 creatures vanquished.

Grand Total: 62 creatures vanquished

Notes
Turn   | Place    | Note
-------+----------+-------------------------------------------
     0 | D:1      | funnyparkerb the Mummy Chaos Knight began the quest for the
                  | Orb.
     0 | D:1      | Reached XP level 1. HP: 18/18 MP: 1/1
    45 | D:1      | Found Abbyudeo's Armour Shoppe.
   275 | D:1      | Reached XP level 2. HP: 24/24 MP: 2/2
   289 | D:1      | Reached skill level 3 in Long Blades
   632 | D:1      | XOM: silly message
   658 | D:1      | XOM: silly message
   671 | D:1      | XOM: divination: detect creatures
   757 | D:1      | Found a faded altar of an unknown god.
  1002 | D:2      | Gained mutation: You are in touch with the powers of death.
                  | [Mummy growth]
  1002 | D:2      | Reached XP level 3. HP: 27/29 MP: 3/3
  1005 | D:2      | XOM: silly message
  1028 | D:2      | Got the Parchment of Maleficent Deeds
  1079 | D:2      | Identified the +0 barding of the Poles {rC+ Int+5}
  1163 | D:2      | XOM: silly message
  1678 | D:3      | Noticed Terence
  1694 | D:3      | Killed Terence
  1695 | D:3      | Reached skill level 4 in Long Blades
  1695 | D:3      | Reached XP level 4. HP: 32/35 MP: 4/4
  1954 | D:3      | XOM: silly message
  2102 | D:3      | XOM: silly message
  2198 | D:3      | XOM: butterfly on damage
  2233 | D:3      | HP: 1/35 [something (1)]
  2235 | D:3      | Slain by an orc wizard

Illustrated notes

Levels and vault maps discovered:
D:1:      tarquinn_simple_flora_water_c, layout_basic, serial_shops, shop,
          shapermc_ecumenical_altar_mp_vishouse, kennysheep_boxes
D:2:      layout_loops_ring, minmay_lizard_king
D:3:      layout_loops_corners, uniq_terence

Skill      XL: |  1  2  3 |
---------------+----------+-----
Long Blades    | 3 4 |  4.4
Fighting       | |  3.0
Armour         | |  1.5
Dodging        | |  0.7

Action                   |  1- 3 |  4- 6 || total
-------------------------+-------+-------++-------
Melee: Falchion          |   138 |    54 ||   192
Throw: Dart              |     2 |     1 ||     3
Evoke: Piece from Xom's  |     2 |     9 ||    11
  Use: Scroll            |       |     1 ||     1
 Stab: Sleeping          |     1 |       ||     1
       Petrified         |     7 |     3 ||    10
       Paralysed         |     2 |       ||     2
       Petrifying        |     1 |       ||     1
Armor: Leather armour    |    49 |    26 ||    75
Dodge: Dodged            |    77 |    16 ||    93
